 Dungeon Crawl Stone Soup version 0.27-a0-972-gd1521fd518 (webtiles) character file.

Game seed: 2965973631274546160

301 Bapho the Gusty (level 6, -5/32 HPs)
             Began as a Deep Elf Air Elementalist on Apr 14, 2021.
             Slain by Edmund
             ... wielding a +5 flail of venom
              (11 damage)
             ... on level 4 of the Dungeon.
             The game lasted 00:08:48 (4222 turns).

Bapho the Gusty (Deep Elf Air Elementalist)         Turns: 4222, Time: 00:08:48

Health: -5/32      AC:  2    Str:  5    XL:     6   Next: 14%
Magic:  0/12       EV: 12    Int: 28    God:
Gold:   191        SH:  0    Dex: 15    Spells: 4/11 levels left

rFire    . . .     SeeInvis .   h - +0 spear
rCold    . . .     Faith    .   (no shield)
rNeg     . . .     Spirit   .   a - +0 robe
rPois    .         Reflect  .   (no helmet)
rElec    .         Harm     .   (no cloak)
rCorr    .         Rampage  .   (no gloves)
Will     .....                  (no boots)
Stlth    ++........             (no amulet)
HPRegen  0.10/turn              k - +6 ring of intelligence
MPRegen  0.13/turn              r - ring of wizardry

@: lethally poisoned (-5 -> -11)
A: no striking features
a: no special abilities


You were on level 4 of the Dungeon.
You visited 1 branch of the dungeon, and saw 4 of its levels.

You collected 191 gold pieces.

Inventory:

Hand Weapons
 h - a +0 spear (weapon)
Armour
 a - a +0 robe (worn)
 b - the +6 plate armour of Hubris {rF+ Int+4}
   (You found it on level 4 of the Dungeon)

   It affects your intelligence (+4).
   It protects you from fire.
Jewellery
 i - a ring of fire
 k - a +6 ring of intelligence (left hand)
 r - a ring of wizardry (right hand)
Scrolls
 d - a scroll of brand weapon {unknown}
 e - a scroll of fear {unknown}
 g - a scroll of vulnerability {unknown}
 n - 3 scrolls of enchant weapon {unknown}
Potions
 f - a potion of degeneration
 j - 3 potions of curing
 l - 2 potions of haste
 m - a potion of magic
 o - a potion of mutation
 p - a potion of lignification {unknown}
 q - a potion of flight {unknown}


   Skills:
 - Level 2.4 Dodging
 - Level 2.4 Stealth
 - Level 3.0 Spellcasting
 + Level 4.8 Conjurations
 + Level 5.3 Air Magic


You had 4 spell levels left.
You knew the following spells:

 Your Spells              Type           Power      Damage    Failure   Level
a - Shock                 Conj/Air       100%       1d9       1%          1
b - Swiftness             Air            34%        N/A       1%          2
c - Airstrike             Air            17%        N/A       3%          4

Your spell library contained the following spells:

 Spells                   Type           Power      Damage    Failure   Level
 Static Discharge         Conj/Air       32%        N/A       1%          3
 Corona                   Hex            4%         N/A       3%          1
 Slow                     Hex            4%         N/A       4%          2
 Inner Flame              Hex/Fire       4%         N/A       10%         3
 Portal Projectile        Hex/Tloc       8%         N/A       10%         3
 Cause Fear               Hex            2%         N/A       32%         4
 Leda's Liquefaction      Hex/Erth       2%         N/A       32%         4
 Lightning Bolt           Conj/Air       16%        1d30      12%         5


Dungeon Overview and Level Annotations

Branches:
Dungeon (4/15)
 Temple: D:4-7

Altars:
Cheibriados

Annotations:
D:3 2 transporters
D:4 Edmund


Message History

Press: ? - help, Dir - move target, f/p - Edmund
Aim: Edmund, wielding a +5 flail of venom and wearing a +0 chain mail (heavily wounded)
The air twists around and strikes Edmund!
Edmund is severely wounded.
Casting: Airstrike (quite dangerous; 3% risk of failure)
Confirm with . or Enter, or press ? or * to list all spells.
The spell is quite dangerous to cast (3% risk of failure)!
Continue anyway?
Aiming: Airstrike (quite dangerous; 3% risk of failure)
Press: ? - help, Dir - move target, f/p - Edmund
Aim: Edmund, wielding a +5 flail of venom and wearing a +0 chain mail (severely wounded)
The air twists around and strikes Edmund!
Edmund is almost dead.
Edmund hits you with a +5 flail of venom.
You are poisoned.
You feel very sick.
You feel sick.
You feel sick.
You feel sick.
Casting: Airstrike (quite dangerous; 3% risk of failure)
Confirm with . or Enter, or press ? or * to list all spells.
Aiming: Shock (safe; 1% risk of failure)
Press: ? - help, Shift-Dir - straight line, f/p - Edmund
Aim: Edmund, wielding a +5 flail of venom and wearing a +0 chain mail (almost dead, 19% to evade)
The zap hits Edmund.
Edmund is almost dead.
You feel sick.
Edmund hits you with a +5 flail of venom.
You are more poisoned.
Okay, then.
Toss (no damage): +0 dagger
Press: ? - help, Shift-Dir - straight line, f/p - Edmund
Aim: Edmund, wielding a +5 flail of venom and wearing a +0 chain mail (almost dead, 65% to hit)
You toss away a +0 dagger.
The +0 dagger hits Edmund but does no damage.
Edmund is almost dead.
You feel very sick.
Edmund hits you with a +5 flail of venom!
* * * LOW HITPOINT WARNING * * *
Edmund hits you with a +5 flail of venom!
You die...

...........##.....##......## ###
......>..###.......#......####.##
.###..####....._............#...#
###........#.......#........#..##
##.##....##.....####....#.....#
#.##.....##...## #....###....
#.##......##.######...........
..#...........<.##............
............@@.....##...>.....
...#.............##............
...###..........###............
#.......#..###.#..........
###....###..<#.#..........
#.....................#.##
......##.......##.......#....
#.....#.........#......##....
##......................#....


You could see Edmund.

Vanquished Creatures
  2 hounds (D:4)
  An iguana (D:4)
  3 orc wizards (D:3)
  A hound skeleton (D:4)
  A gnoll (D:1)
  4 adders
  A worm (D:3)
  3 dart slugs
  6 orcs (D:3)
  4 bats (D:1)
  5 endoplasms
  3 giant cockroaches
  5 goblins
  4 hobgoblins
  6 jackals
  5 kobolds
  4 quokkas
  6 ball pythons
  6 frilled lizards
  2 rats
72 creatures vanquished.

Notes
Turn   | Place    | Note
-------+----------+-------------------------------------------
     0 | D:1      | Bapho the Deep Elf Air Elementalist began the quest for the
                  | Orb.
     0 | D:1      | Reached XP level 1. HP: 10/10 MP: 6/6
   327 | D:1      | Reached XP level 2. HP: 15/15 MP: 6/8
   831 | D:1      | Reached XP level 3. HP: 14/19 MP: 4/9
  1482 | D:2      | Learned a level 2 spell: Swiftness
  1538 | D:2      | Reached skill level 4 in Air Magic
  1625 | D:2      | Reached XP level 4. HP: 24/24 MP: 5/10
  2406 | D:3      | Found a transporter.
  2457 | D:3      | Reached XP level 5. HP: 18/28 MP: 0/11
  2596 | D:3      | Found a transporter.
  3082 | D:2      | Learned a level 4 spell: Airstrike
  3312 | D:3      | Found a faded altar of an unknown god.
  3582 | D:4      | Identified the +6 plate armour of Hubris {rF+ Int+4}
  3595 | D:4      | Reached skill level 5 in Air Magic
  3816 | D:4      | Reached XP level 6. HP: 32/32 MP: 3/12
  3934 | D:4      | Found a snail-covered altar of Cheibriados.
  4083 | D:4      | Noticed Edmund
  4222 | D:4      | Slain by Edmund

Illustrated notes

Levels and vault maps discovered:
D:1:      moated_graveyard_arrival, layout_basic
D:2:      layout_basic, roderic_lattice_a, minmay_surrounded
D:3:      gammafunk_steamed_eel, layout_basic, chequers_ecumenical_altar_twisty
D:4:      minmay_octagon_keep, layout_cave_pools, lemuel_round_altar,
          portal_sewer_entry_a, uniq_edmund

Skill      XL: |  1  2  3  4  5 |
---------------+----------------+-----
Conjurations   | 2 3 4 |  4.8
Air Magic      | 4 5 |  5.3
Dodging        | |  2.4
Stealth        | |  2.4
Spellcasting   | |  3.0

Action                   |  1- 3 |  4- 6 || total
-------------------------+-------+-------++-------
Melee: Spear             |       |    13 ||    13
 Cast: Shock             |    80 |    69 ||   149
       Airstrike         |       |    13 ||    13
  Use: Scroll            |       |     5 ||     5
Armor: Robe              |     5 |     2 ||     7
Dodge: Dodged            |     9 |    11 ||    20

Table legend: (Time is in decaauts)
 A = Elapsed time spent in this place.
 B = Non-inter-level travel time spent in this place.
 C = Inter-level travel time spent in this place.
 D = Time resting spent in this place.
 E = Time spent auto-exploring this place.
 F = Levels seen in this place.
 G = Mean time per level.
                   A        B        C        D        E       F      G
               +--------+--------+--------+--------+--------+-----+--------+
         Total |   4222 |   4093 |    129 |    227 |   3501 |   4 | 1055.5 |
       Dungeon |   4222 |   4093 |    129 |    227 |   3501 |   4 | 1055.5 |
               +--------+--------+--------+--------+--------+-----+--------+

Top non-repeatable levels by time:
     D:1: 1447 daAuts
     D:2: 1117 daAuts
     D:3: 1073 daAuts
     D:4: 584 daAuts
